 Dungeon Crawl Stone Soup version 0.28.0-45-g0d030f2227 (webtiles) character file.

Game seed: 11586438094055066688

1651 Ablot the Cutter (level 9, 0/64 HPs)
             Began as a Gnoll Chaos Knight on Apr 15, 2022.
             Was a Plaything of Xom.
             Killed from afar by a gargoyle (18 damage)
             ... with a stone arrow
             ... on level 6 of the Dungeon.
             The game lasted 00:11:09 (6051 turns).

Ablot the Cutter (Gnoll Chaos Knight)               Turns: 6051, Time: 00:11:11

Health: 0/64       AC: 10    Str: 17    XL:     9   Next: 0%
Magic:  14/14      EV: 13    Int: 15    God:    Xom [...*..]
Gold:   340        SH:  4    Dex: 13    Spells: 15/15 levels left

rFire   + + .      SeeInvis +   p - +3 dagger (chaos)
rCold   x x .      Faith    .   (no shield)
rNeg    . . .      Spirit   .   u - +4 robe "Hoxtufin" {rC- Str+4 SInv}
rPois   .          Reflect  .   (helmet restricted)
rElec   .          Harm     .   (no cloak)
rCorr   .          Rampage  .   (no gloves)
Will    .....                   (no boots)
Stlth   ++........              (no amulet)
HPRegen 0.20/turn               o - ring of see invisible
MPRegen 0.14/turn               w - ring of the Crown {Fire Str+2}

@: unable to read
A: fangs 1, strong nose, distributed training, horns 1, talons 1, iridescent
scales 2, large bone plates 1, clever 1, fire resistance 1, frail 1, weak 1,
wild magic 1, inability to read while threatened
a: Renounce Religion


You were on level 6 of the Dungeon.
You worshipped Xom.
You were a favourite toy of Xom.
You visited 1 branch of the dungeon, and saw 6 of its levels.

You collected 431 gold pieces.
You spent 91 gold pieces at shops.

Inventory:

Hand Weapons
 a - a +0 short sword of chaos
 p - a +3 dagger of chaos (weapon)
Missiles
 f - 162 stones
 i - 3 boomerangs (quivered)
 k - 53 bolts
 t - 65 arrows
 x - 14 sling bullets
 C - 4 poisoned darts
Armour
 b - a +2 leather armour
 u - the +4 robe "Hoxtufin" (worn) {rC- Str+4 SInv}
   (You found it on level 5 of the Dungeon)

   Str:       It affects your strength (+4).
   rC:        It makes you vulnerable to cold.
   SInv:      It lets you see invisible.
 y - a +0 leather armour of cold resistance
Jewellery
 o - a ring of see invisible (left hand)
 w - the ring of the Crown (right hand) {Fire Str+2}
   (Xom gifted it to you on level 3 of the Dungeon)

   [ring of fire]

   It enhances your fire magic.
   Str:       It affects your strength (+2).
   rF:        It protects you from fire.
   rC:        It makes you vulnerable to cold.
Wands
 c - a wand of acid (4)
 A - a wand of flame (36)
 F - a wand of iceblast (5)
Scrolls
 d - 2 scrolls of enchant weapon {unknown}
 j - 4 scrolls of vulnerability {unknown}
 l - a scroll of silence {unknown}
 m - a scroll of fog {unknown}
 r - a scroll of blinking {unknown}
 v - a scroll of magic mapping
 z - 2 scrolls of teleportation {unknown}
 G - a scroll of amnesia {unknown}
Potions
 e - a potion of berserk rage
 g - a potion of flight
 h - 5 potions of curing
 n - a potion of brilliance
 q - a potion of ambrosia
 s - a potion of invisibility
 B - 3 potions of heal wounds
 D - a potion of haste {unknown}
 E - a potion of lignification {unknown}


   Skills:
 + Level 7.6 Fighting
 + Level 7.6 Short Blades
 + Level 3.7 Long Blades
 + Level 3.7 Axes
 + Level 3.7 Maces & Flails
 + Level 3.7 Polearms
 + Level 3.7 Staves
 + Level 3.7 Slings
 + Level 3.7 Bows
 + Level 3.7 Crossbows
 + Level 3.7 Throwing
 + Level 6.0 Armour
 + Level 4.6 Dodging
 + Level 3.7 Stealth
 + Level 3.7 Shields
 + Level 3.7 Unarmed Combat
 + Level 3.7 Spellcasting
 + Level 3.1 Conjurations
 + Level 3.1 Hexes
 + Level 3.1 Summonings
 + Level 3.1 Necromancy
 + Level 3.1 Translocations
 + Level 3.1 Transmutations
 + Level 3.1 Fire Magic
 + Level 3.1 Ice Magic
 + Level 3.1 Air Magic
 + Level 3.1 Earth Magic
 + Level 3.1 Poison Magic
 + Level 4.1 Invocations
 + Level 3.7 Evocations


You had 15 spell levels left.
You didn't know any spells.
Your spell library contained the following spells:

 Spells                   Type           Power      Damage    Failure   Level
 Dazzling Flash           Conj/Hex       30%        N/A       22%         3
 Iskenderun's Mystic Bla  Conj/Tloc      15%        2d5       54%         4
 Summon Ice Beast         Ice/Summ       15%        N/A       54%         4
 Summon Mana Viper        Hex/Summ       15%        N/A       87%         5
 Starburst                Conj/Fire      11%        6d5       100%        6
 Monstrous Menagerie      Summ           7%         N/A       100%        7


Dungeon Overview and Level Annotations

Branches:
Dungeon (6/15)             Temple (0/1) D:6

Altars:
Gozag
Hepliaklqana
Okawaru
Ru
Xom
Yredelemnul
Zin
The Shining One

Shops:
D:3 ?

Annotations:
D:5 3 runed translucent doors, exclusion: 3 doors, 101zpm's ghost, amateur DjIE; 101zpm's ghost, amateur GrEE; Revguard's ghost, novice FoFi; duchin's ghost, novice GnWn


Innate Abilities, Weirdness & Mutations

You have very sharp teeth.
Your uncanny sense of smell can sniff out nearby items.
Your experience applies equally to all skills.
You have a pair of small horns on your head.
You have sharp toenails.
You are mostly covered in iridescent scales. (AC +4)
You are partially covered in large bone plates. (SH +4)
Your mind is acute. (Int +2)
Your flesh is heat resistant. (rF+)
You are frail. (-10% HP)
You are weak. (Str -2)
Your spells are a little harder to cast, but a little more powerful.
You sometimes lose the ability to read scrolls when taking damage.


Message History

The gargoyle hurls a stone arrow at you.
The stone arrow hits you!
Unknown command.
The gargoyle hits you with a +0 mace.
Things that are here:
a +0 club; a +0 leather armour The hound barely misses itself.
You hit the gargoyle but do no damage.
The gargoyle flickers and vanishes for a moment.
Your kick misses the gargoyle.
You headbutt the gargoyle, but do no damage.
You bite the gargoyle, but do no damage.
The gargoyle is heavily damaged.
The gargoyle hurls a stone arrow at you.
You block the stone arrow.
You hit the gargoyle but do no damage.
You headbutt the gargoyle, but do no damage.
The gargoyle is heavily damaged.
You hit the gargoyle but do no damage. You claw the gargoyle.
You headbutt the gargoyle, but do no damage.
The gargoyle is heavily damaged.
The gargoyle hurls a stone arrow at you.
The stone arrow hits you!!
You feel threatened and lose the ability to read scrolls!
* * * LOW HITPOINT WARNING * * *
You hit the gargoyle.
You bite the gargoyle, but do no damage.
The gargoyle is severely damaged.
The gargoyle hits you but does no damage.
You hit the gargoyle but do no damage. Your kick misses the gargoyle.
You headbutt the gargoyle.
The gargoyle is severely damaged.
The howler monkey hoots and howls with incredible vigour!
You barely miss the gargoyle. You claw the gargoyle.
You bite the gargoyle, but do no damage.
The gargoyle is severely damaged.
The gargoyle hurls a stone arrow at you.
The stone arrow hits you!!
You die...
Xom titters!

#.###....###......#.##########.##
#......>....................!....
#####....##########........######
#....# ########.# ## #....# #.#
#. ############ #### #.# #. ∆
...........# #..######.#####)
)...(.....####..#............
?.........Z#@#.##.##########.
..⌠.......h9#.#...# ##
...!.......#.#.####
........l.####..# .).........#
#..# ############ ####


You could see a gargoyle (invisible, corroded), a howler monkey (catching
breath) and an iguana (confused).

Vanquished Creatures
  Grinder (D:4)
  A black bear (D:6)
  2 necrophages
  2 ogres
  A phantom (D:4)
  A bullfrog (D:6)
  2 scorpions
  A water moccasin skeleton (D:4)
  2 howler monkeys
  A centaur skeleton (D:5)
  4 jellies
  An orc priest (D:6)
  2 bullfrog skeletons (D:4)
  A hound (D:4)
  3 iguanas
  Ijyb (D:5)
  A gnoll shaman (D:6)
  An orc wizard (D:5)
  A hound zombie (D:5)
  A hound skeleton (D:4)
  6 adders
  An ufetubus (D:5)
  2 worms
  9 orcs
  5 ball pythons
  4 bats
  5 endoplasms
  2 giant cockroaches
  13 goblins
  7 hobgoblins
  2 jackals (D:1)
  2 quokkas
  3 frilled lizards
  12 kobolds
  7 rats
110 creatures vanquished.

Vanquished Creatures (collateral kills)
  A jelly (D:4)
  3 orcs (D:4)
  A giant cockroach (D:4)
5 creatures vanquished.

Vanquished Creatures (others)
  A fungus (D:4)
  2 withered plants (D:5)
3 creatures vanquished.

Grand Total: 118 creatures vanquished

Notes
Turn   | Place    | Note
-------+----------+-------------------------------------------
     0 | D:1      | Ablot the Gnoll Chaos Knight began the quest for the Orb.
     0 | D:1      | Reached XP level 1. HP: 23/23 MP: 1/1
    41 | D:1      | XOM: silly message
   165 | D:1      | XOM: enchant monster (bad)
   167 | D:1      | XOM: swap monsters
   266 | D:1      | Reached XP level 2. HP: 20/29 MP: 2/2
   457 | D:1      | XOM: give mutations
   457 | D:1      | Gained mutation: You sometimes lose the ability to read
                  | scrolls when taking damage. [Xom's mischief]
   457 | D:1      | Gained mutation: You are frail. (-10% HP) [Xom's mischief]
   457 | D:1      | Gained mutation: You are weak. (Str -2) [Xom's mischief]
   468 | D:1      | XOM: swap monsters
   474 | D:1      | XOM: polymorph jackal -> goblin
   475 | D:1      | XOM: confusion
   542 | D:1      | XOM: noise
  1073 | D:1      | XOM: god gift: brown potion {god gift}
  1251 | D:1      | XOM: cloud trail
  1284 | D:2      | Reached XP level 3. HP: 30/31 MP: 3/3
  1408 | D:2      | XOM: scenery: summon butterflies
  1449 | D:2      | Found a faded altar of an unknown god.
  1895 | D:2      | Reached skill level 1 in Invocations
  2405 | D:3      | Reached skill level 1 in Long Blades
  2405 | D:3      | Reached skill level 1 in Axes
  2405 | D:3      | Reached skill level 1 in Maces & Flails
  2405 | D:3      | Reached skill level 1 in Polearms
  2405 | D:3      | Reached skill level 1 in Staves
  2405 | D:3      | Reached skill level 1 in Slings
  2405 | D:3      | Reached skill level 1 in Bows
  2405 | D:3      | Reached skill level 1 in Crossbows
  2405 | D:3      | Reached skill level 1 in Throwing
  2405 | D:3      | Reached skill level 1 in Stealth
  2405 | D:3      | Reached skill level 1 in Shields
  2405 | D:3      | Reached skill level 1 in Unarmed Combat
  2405 | D:3      | Reached skill level 1 in Spellcasting
  2405 | D:3      | Reached skill level 1 in Evocations
  2426 | D:3      | XOM: chaos upgrade
  2497 | D:3      | Reached XP level 4. HP: 32/36 MP: 5/5
  2509 | D:3      | XOM: polymorph orc priest -> iguana
  2515 | D:3      | Found a faded altar of an unknown god.
  2515 | D:3      | Found a hazy altar of Hepliaklqana.
  2515 | D:3      | Found a faded altar of an unknown god.
  2515 | D:3      | Found a faded altar of an unknown god.
  2515 | D:3      | Found a faded altar of an unknown god.
  2515 | D:3      | XOM: 6-stop teleportation journey
  2536 | D:3      | Reached skill level 1 in Conjurations
  2536 | D:3      | Reached skill level 1 in Hexes
  2536 | D:3      | Reached skill level 1 in Summonings
  2536 | D:3      | Reached skill level 1 in Necromancy
  2536 | D:3      | Reached skill level 1 in Translocations
  2536 | D:3      | Reached skill level 1 in Transmutations
  2536 | D:3      | Reached skill level 1 in Fire Magic
  2536 | D:3      | Reached skill level 1 in Ice Magic
  2536 | D:3      | Reached skill level 1 in Air Magic
  2536 | D:3      | Reached skill level 1 in Earth Magic
  2536 | D:3      | Reached skill level 1 in Poison Magic
  2835 | D:3      | XOM: cleaving
  2878 | D:3      | XOM: 3-stop teleportation journey
  2982 | D:3      | Found Goifet's Magic Scroll Boutique.
  2991 | D:3      | Bought a scroll of noise for 14 gold pieces
  2991 | D:3      | Bought a scroll of identify for 28 gold pieces
  3035 | D:3      | Bought a scroll of magic mapping for 49 gold pieces
  3093 | D:3      | Identified the ring of the Crown {Fire Str+2} (Xom gifted
                  | it to you on level 3 of the Dungeon)
  3093 | D:3      | XOM: god gift: ring of the Crown {Fire Str+2}
  3359 | D:3      | Reached XP level 5. HP: 40/42 MP: 6/6
  3475 | D:3      | XOM: give mutations
  3475 | D:3      | Gained mutation: You have hidden genetic potential. [Xom's
                  | grace]
  3475 | D:3      | Gained mutation: You have a pair of small horns on your
                  | head. [Xom's grace]
  3475 | D:3      | Gained mutation: You are agile. (Dex +2) [Xom's grace]
  3475 | D:3      | Gained mutation: You are partially covered in iridescent
                  | scales. (AC +2) [Xom's grace]
  3509 | D:4      | Noticed an ogre
  3511 | D:4      | Killed an ogre
  3512 | D:4      | Noticed a necrophage
  3517 | D:4      | Killed a necrophage
  3518 | D:4      | Reached XP level 6. HP: 41/47 MP: 6/8
  3521 | D:4      | Gained mutation: Your flesh is heat resistant. (rF+)
                  | [hidden potential]
  3522 | D:4      | Reached skill level 5 in Armour
  3793 | D:4      | XOM: god gift: 47 gold pieces
  3831 | D:4      | Reached XP level 7. HP: 50/53 MP: 10/10
  4057 | D:4      | XOM: noise
  4082 | D:4      | Gained mutation: You are partially covered in large bone
                  | plates. (SH +4) [hidden potential]
  4082 | D:4      | Lost mutation: You have hidden genetic potential. [hidden
                  | potential expressed]
  4109 | D:4      | XOM: give mutations
  4109 | D:4      | Lost mutation: You are agile. (Dex +2) [Xom's mischief]
  4109 | D:4      | Gained mutation: You have large cloven feet. [Xom's
                  | mischief]
  4261 | D:4      | XOM: scenery: create altars
  4335 | D:4      | Found an opulent altar of Gozag.
  4355 | D:4      | Noticed Grinder
  4359 | D:4      | Paralysed by Grinder for 6 turns
  4366 | D:4      | XOM: scenery: create altars
  4373 | D:4      | Paralysed by Grinder for 5 turns
  4378 | D:4      | XOM: summons 2 friendly demons
  4380 | D:4      | Killed Grinder
  4381 | D:4      | Reached XP level 8. HP: 27/60 MP: 10/12
  4682 | D:5      | Entered Level 5 of the Dungeon
  4725 | D:5      | Identified the +4 robe "Hoxtufin" {rC- Str+4 SInv}
  4784 | D:5      | Found a runed translucent gate.
  4785 | D:5      | Found a runed translucent gate.
  4785 | D:5      | Found a runed translucent gate.
  4803 | D:5      | Noticed 101zpm's ghost (amateur GrEE)
  4803 | D:5      | Noticed 101zpm's ghost (amateur DjIE)
  4804 | D:5      | Noticed duchin's ghost (novice GnWn)
  4805 | D:5      | Noticed Revguard's ghost (novice FoFi)
  4828 | D:5      | Noticed Ijyb
  4849 | D:5      | Killed Ijyb
  4929 | D:5      | Found an iron altar of Okawaru.
  4986 | D:5      | XOM: cast spell 'Alistair's Intoxication'
  5041 | D:5      | Found a sacrificial altar of Ru.
  5289 | D:5      | XOM: give mutation
  5289 | D:5      | Lost mutation: You have large cloven feet. [Xom's grace]
  5289 | D:5      | Gained mutation: You have sharp toenails. [Xom's grace]
  5323 | D:5      | Found a glowing golden altar of the Shining One.
  5372 | D:5      | XOM: scenery: 1 doors close
  5378 | D:5      | Found a basalt altar of Yredelemnul.
  5380 | D:5      | Noticed a profane servitor
  5413 | D:5      | XOM: give mutations
  5413 | D:5      | Gained mutation: Your spells are a little harder to cast,
                  | but a little more powerful. [Xom's grace]
  5413 | D:5      | Gained mutation: Your mind is acute. (Int +2) [Xom's grace]
  5413 | D:5      | Gained mutation: You are mostly covered in iridescent
                  | scales. (AC +4) [Xom's grace]
  5667 | D:6      | Noticed a gargoyle
  5669 | D:6      | XOM: 3-stop teleportation journey
  5700 | D:6      | Found a staircase to the Ecumenical Temple.
  5716 | D:6      | Found a glowing silver altar of Zin.
  5885 | D:6      | XOM: god gift: wand of acid (5)
  5909 | D:6      | XOM: potion effect (invisibility)
  5913 | D:6      | Reached XP level 9. HP: 64/64 MP: 14/14
  6029 | D:6      | XOM: summons friendly crimson imp
  6033 | D:6      | XOM: cast spell 'Disjunction'
  6034 | D:6      | XOM: confuse monster(s)
  6051 | D:6      | Killed from afar by a gargoyle

Illustrated notes

Levels and vault maps discovered:
D:1:      psy_arrival_terrarium, layout_loops_ring
D:2:      layout_basic, ebering_ecumenical_altar_abandoned
D:3:      layout_loops_ring, nicolae_hepliaklqana_ecumenical_no_more,
          serial_shops, shop, kennysheep_minor_cross
D:4:      minmay_evil_eye, layout_basic, mainiacjoe_overflow_cross_hatched,
          kennysheep_cluttered_room, uniq_grinder
D:5:      layout_cave_pools, grunt_temple_overflow_holy_war,
          nicolae_ru_great_annihilating_truth, lemuel_crystal_altar,
          serial_column_ruins, column_ruins_circle_medium, column_ruins_hut,
          column_ruins_open_small, column_ruins_open_tiny, column_ruins_grid_4,
          column_ruins_open_tiny, column_ruins_open_small,
          column_ruins_columns_dead_end, gammafunk_ghost_cemetery, uniq_ijyb
D:6:      layout_basic, kennysheep_mini, minmay_temple_entry_proselytizer,
          wad_rectangle_vault

Skill      XL: |  1  2  3  4  5  6  7  8 |
---------------+-------------------------+-----
Invocations    | 1 2 3 4 |  4.1
Long Blades    | 1 2 3 |  3.7
Axes           | 1 2 3 |  3.7
Maces & Flails | 1 2 3 |  3.7
Polearms       | 1 2 3 |  3.7
Staves         | 1 2 3 |  3.7
Slings         | 1 2 3 |  3.7
Bows           | 1 2 3 |  3.7
Crossbows      | 1 2 3 |  3.7
Throwing       | 1 2 3 |  3.7
Stealth        | 1 2 3 |  3.7
Shields        | 1 2 3 |  3.7
Unarmed Combat | 1 2 3 |  3.7
Spellcasting   | 1 2 3 |  3.7
Evocations     | 1 2 3 |  3.7
Conjurations   | 1 2 3 |  3.1
Hexes          | 1 2 3 |  3.1
Summonings     | 1 2 3 |  3.1
Necromancy     | 1 2 3 |  3.1
Translocations | 1 2 3 |  3.1
Transmutations | 1 2 3 |  3.1
Fire Magic     | 1 2 3 |  3.1
Ice Magic      | 1 2 3 |  3.1
Air Magic      | 1 2 3 |  3.1
Earth Magic    | 1 2 3 |  3.1
Poison Magic   | 1 2 3 |  3.1
Dodging        | 3 4 |  4.6
Armour         | 5 6 |  6.0
Fighting       | 7 |  7.6
Short Blades   | 7 |  7.6

Action                   |  1- 3 |  4- 6 |  7- 9 || total
-------------------------+-------+-------+-------++-------
Melee: Short sword       |   156 |       |       ||   156
       Bite              |     9 |     7 |    25 ||    41
       Dagger            |     9 |    77 |   179 ||   265
       Punch             |     1 |       |     6 ||     7
       Headbutt          |       |     8 |    39 ||    47
       Kick              |       |       |    48 ||    48
Throw: Boomerang         |       |     2 |     2 ||     4
Evoke: Wand              |       |       |     1 ||     1
  Use: Scroll            |       |       |     8 ||     8
 Stab: Sleeping          |     1 |     1 |     6 ||     8
       Distracted        |       |     2 |       ||     2
       Confused          |       |       |     1 ||     1
       Invisible         |       |       |     1 ||     1
       Paralysed         |       |       |     1 ||     1
Armor: Leather armour    |    47 |    18 |    17 ||    82
       Robe              |       |       |    30 ||    30
Dodge: Dodged            |    73 |    44 |    56 ||   173
Block: Other             |       |       |    20 ||    20
